 Dungeon Crawl Stone Soup version 0.32-a0-19-g28bc0835a1 (webtiles) character file.

Game seed: 14889549688852080113

125 shadizar the Covered (level 5, -5/33 HPs)
             Began as a Gargoyle Fighter on Jan 17, 2024.
             Killed by divine providence
             ... invoked by an orc priest
              (11 damage)
             ... on level 3 of the Dungeon.
             The game lasted 00:01:42 (1741 turns).

shadizar the Covered (Gargoyle Fighter)             Turns: 1741, Time: 00:01:43

Health: -5/33      AC: 11    Str: 21    XL:     5   Next: 9%
Magic:  0/5        EV:  9    Int:  9    God:
Gold:   128        SH:  4    Dex:  9    Spells: 4/4 levels left

rFire   . . .        a - +0 flail
rCold   . . .        c - +0 buckler
rNeg    + . .        b - +0 scale mail
rPois   ∞            (no helmet)
rElec   +            (no cloak)
rCorr   .            (no gloves)
SInv    .            (no boots)
Will    .....        m - amulet of guardian spirit Stlth
                     (no ring)
HPRegen 0.25/turn    (no ring)
MPRegen 0.09/turn

%: guardian spirit
@: mighty
A: sickness immunity, AC +4, negative energy resistance 1, electricity
resistance, torment resistance 1, petrification resistance
a: no special abilities


You were on level 3 of the Dungeon.
You visited 1 branch of the dungeon, and saw 3 of its levels.

You collected 128 gold pieces.

Inventory:

Hand Weapons
 a - a +0 flail (weapon)
Armour
 b - a +0 scale mail (worn)
 c - a +0 buckler (worn)
Jewellery
 m - an amulet of guardian spirit (around neck)
Scrolls
 e - 2 scrolls of teleportation {unknown}
 f - 4 scrolls of identify {unknown}
 i - a scroll of blinking {unknown}
 l - a scroll of torment {unknown}
Potions
 g - a potion of resistance {unknown}
 h - a potion of mutation {unknown}
 j - a potion of brilliance {unknown}
 k - a potion of curing {unknown}
 n - a potion of degeneration {unknown}


   Skills:
 + Level 4.1 Fighting
 + Level 3.0 Maces & Flails
 + Level 4.2 Armour
 + Level 4.2 Shields


You had 4 spell levels left.
You didn't know any spells.
Your spell library was empty.

Dungeon Overview and Level Annotations

Branches:
Dungeon (3/15)

Altars:

Annotations:
D:3 Mll's ghost, amateur GrFi


Innate Abilities, Weirdness & Mutations

You are immune to sickness and miasma.
Your stone body is resilient. (AC +4)
You are immune to poison.
You resist negative energy. (rN+)
You are resistant to electric shocks. (rElec)
You are resistant to unholy torment.
You are immune to petrification.


Message History

You sock the ribbon worm!
The ribbon worm is severely wounded.
The bat barely misses you. The ribbon worm bites you.
* * * LOW HITPOINT WARNING * * *
You hit the ribbon worm.
The ribbon worm is severely wounded.
The bat barely misses you. The ribbon worm barely misses you.
Unknown command.
You barely miss the ribbon worm.
The ribbon worm is severely wounded.
The ribbon worm completely misses you.
You barely miss the ribbon worm.
The ribbon worm is severely wounded.
The bat closely misses you.
The orc priest begins to cast a cantrip, but forgets the words!
You block the ribbon worm's attack.
You hit the ribbon worm.
The ribbon worm is severely wounded.
The bat hits you but does no damage. The ribbon worm bites you.
* * * LOW HITPOINT WARNING * * *
You block the bat's attack.
You feel very mighty all of a sudden.
The ribbon worm bites you but does no damage.
Unknown command.
You sock the ribbon worm!
The ribbon worm is almost dead.
The bat barely misses you.
The orc priest casts a cantrip, but nothing happens.
The ribbon worm expels a string of sticky webbing.
The stream of webbing hits you but does no damage.
You are caught in a web!
The web tears apart.
The bat hits you but does no damage.
The ribbon worm bites you but does no damage.
Unknown command.
You barely miss the ribbon worm.
The ribbon worm is severely wounded.
The bat hits you but does no damage. The ribbon worm closely misses you.
The orc priest calls down the wrath of Beogh upon you.
Beogh smites you!
You die...

.. .. ... .. .. ...#..
...# ## ..
..#.#...#.##.#.. ... ..#
.......#.#..#.# ....
..###W5.###...##.# .....
...#####....###.##
#.....##.......#..##..<.
#...ow@.b............†#
##...##...............#
#.....$........####..#
.............#........#
#####....####........#†#
....... ##.##.##.#.#
.##..... ..##..#.#.#
#..#... .>.# #......
#.###. ....# #.....


You could see a ribbon worm, an orc priest and a bat.

Vanquished Creatures
  A scorpion (D:2)
  2 adders (D:2)
  A dart slug (D:2)
  2 ribbon worms (D:2)
  2 orcs (D:3)
  4 ball pythons
  4 bats
  An endoplasm (D:1)
  3 giant cockroaches
  4 goblins (D:2)
  3 hobgoblins (D:1)
  4 jackals
  A kobold (D:1)
  3 quokkas (D:2)
  A frilled lizard (D:2)
  4 rats
40 creatures vanquished.

Notes
Turn   | Place    | Note
-------+----------+-------------------------------------------
     0 | D:1      | shadizar the Gargoyle Fighter began the quest for the Orb.
     0 | D:1      | Reached XP level 1. HP: 14/14 MP: 1/1
   152 | D:1      | Reached XP level 2. HP: 9/19 MP: 2/2
   854 | D:2      | Noticed a scorpion
   865 | D:2      | Killed a scorpion
   866 | D:2      | Reached XP level 3. HP: 8/24 MP: 3/3
   866 | D:2      | Reached XP level 4. HP: 9/29 MP: 4/4
  1575 | D:2      | Reached XP level 5. HP: 6/33 MP: 5/5
  1711 | D:3      | Noticed Mll's ghost (amateur GrFi)
  1741 | D:3      | Killed from afar by an orc priest

Illustrated notes

Levels and vault maps discovered:
D:1:      dpeg_arrival_erosion, layout_loops_cross,
          chequers_serial_rivers_room_a
D:2:      layout_loops_cross
D:3:      layout_rooms, kennysheep_okawaru_gauntlet,
          ashenzari_conservatory_becter, gammafunk_ghost_stat_death

Skill      XL: |  1  2  3  4  5 |
---------------+----------------+-----
Armour         | 4 |  4.2
Fighting       | 4 |  4.1
Shields        | 4 |  4.2
Maces & Flails | 3 |  3.0

Action                     |  1- 3 |  4- 6 || total
---------------------------+-------+-------++-------
  Melee: Flail             |    58 |   106 ||   164
    Use: Potion            |       |     1 ||     1
 Armour: Scale mail        |    44 |    83 ||   127
  Dodge: Dodged            |    32 |    79 ||   111
  Block: Buckler           |    14 |    34 ||    48

Table legend: (Time is in decaauts)
 A = Elapsed time spent in this place.
 B = Non-inter-level travel time spent in this place.
 C = Inter-level travel time spent in this place.
 D = Time resting spent in this place.
 E = Time spent auto-exploring this place.
 F = Levels seen in this place.
 G = Mean time per level.
                   A        B        C        D        E       F      G
               +--------+--------+--------+--------+--------+-----+--------+
         Total |   1789 |   1716 |     73 |      0 |   1344 |   3 |  596.3 |
       Dungeon |   1789 |   1716 |     73 |      0 |   1344 |   3 |  596.3 |
               +--------+--------+--------+--------+--------+-----+--------+

Top non-repeatable levels by time:
     D:2: 934 daAuts
     D:1: 787 daAuts
     D:3: 67 daAuts
